 Dungeon Crawl Stone Soup version 0.18.1-50-g88ac8fd (webtiles) character file.

9704 Eldritch the Blocker (level 11, -1/100 HPs)
             Began as a Deep Dwarf Fighter on June 24, 2017.
             Was an Elder of Makhleb.
             Slain by a hill giant
             ... wielding a +0 giant spiked club
              (32 damage)
             ... on level 11 of the Dungeon.
             The game lasted 00:17:27 (6193 turns).

Eldritch the Blocker (Deep Dwarf Fighter)           Turns: 6193, Time: 00:17:28

Health: -1/100     AC: 10    Str: 20 (21) XL:     11   Next: 26%
Magic:  9/9        EV: 12    Int: 10 (11) God:    Makhleb [****..]
Gold:   319        SH: 11    Dex: 12      Spells: 0 memorised, 10 levels left

rFire  . . .     SeeInvis .     N - +0 morningstar (freeze)
rCold  . . .     Gourm    .     b - +0 scale mail
rNeg   . . .     Faith    .     c - +0 shield
rPois  .         Spirit   .     d - +2 hat
rElec  .         Dismiss  .     (no cloak)
rCorr  .         Reflect  .     (no gloves)
SustAt .         Harm     .     (no boots)
MR     +....                    (no amulet)
Stlth  ..........               (no ring)
                                E - ring of magical power

@: non-regenerating, somewhat resistant to hostile enchantments, extremely
unstealthy
A: damage resistance, recharge devices, fangs 1, clever 1, deterioration 1,
sense surroundings 2, slow regeneration 3, weak 1
a: Device Recharging, Minor Destruction, Lesser Servant of Makhleb, Major
Destruction, Renounce Religion


You were on level 11 of the Dungeon.
You worshipped Makhleb.
Makhleb was greatly pleased with you.
You were not hungry.

You visited 2 branches of the dungeon, and saw 10 of its levels.

You collected 319 gold pieces.

Inventory:

Hand Weapons
 a - a +0 war axe
 G - a +0 whip
 N - a +0 morningstar of freezing (weapon)
Armour
 b - a +0 scale mail (worn)
 c - a +0 shield (worn)
 d - a +2 hat (worn)
 n - a +0 helmet
Jewellery
 E - a ring of magical power (left hand)
Wands
 e - a wand of heal wounds (2/9)
 m - a wand of flame (23/48)
 w - a wand of flame (19/48)
 y - a wand of iceblast (6/15)
 L - a wand of polymorph (0/24)
Scrolls
 g - a scroll of blinking
 j - 3 scrolls of recharging
 k - a scroll of enchant armour {unknown}
 l - a scroll of random uselessness {unknown}
 o - a scroll of amnesia {unknown}
 p - 7 scrolls of remove curse {unknown}
 r - 5 scrolls of magic mapping {unknown}
 t - 8 scrolls of teleportation
 A - a scroll of enchant weapon {unknown}
 C - a scroll of fog {unknown}
 F - 2 scrolls of noise {unknown}
 K - 2 scrolls of fear {unknown}
Potions
 i - a potion of curing
 q - a potion of brilliance {unknown}
 s - a potion of flight
 v - a potion of cancellation
 z - a potion of berserk rage {unknown}
 B - a potion of invisibility {unknown}
 D - a potion of resistance {unknown}
 I - 4 potions of agility {unknown}
 J - a potion of magic {unknown}
Books
 u - a book of Burglary

   Spells                             Type                      Level
   a - Swiftness                      Charms/Air                   2
   b - Passwall                       Transmutation/Earth          2
   c - Passage of Golubria            Translocation                4
   d - Lee's Rapid Deconstruction     Earth                        5
   e - Darkness                       Hexes                        6
   f - Invisibility                   Hexes                        6
 M - a book of the Earth

   Spells                             Type                      Level
   a - Leda's Liquefaction            Hexes/Earth                  4
   b - Bolt of Magma                  Conjuration/Fire/Earth       5
   c - Statue Form                    Transmutation/Earth          6
   d - Iron Shot                      Conjuration/Earth            6
   e - Shatter                        Earth                        9
Comestibles
 f - 4 bread rations
 h - 5 beef jerkies
 x - 5 fruits


   Skills:
 + Level 7.2 Fighting
 + Level 9.5 Axes
 + Level 0.4(5.4) Maces & Flails
 + Level 8.5 Armour
 + Level 7.8 Dodging
 + Level 0.3 Stealth
 + Level 9.7 Shields
 + Level 5.4 Evocations


You had 10 spell levels left.
You didn't know any spells.

Dungeon Overview and Level Annotations

Branches:
Dungeon (11/15)            Temple (1/1) D:5            Lair (0/8) D:9
    Orc: D:9-12

Altars:
Ashenzari
Cheibriados
Dithmenos
Elyvilon
Fedhas
Kikubaaqudgha
Makhleb
Nemelex Xobeh
Okawaru
Pakellas
Qazlal
Ru
Sif Muna
Trog
Vehumet
Xom
Yredelemnul
Zin
The Shining One

Shops:
D:4 ??![


Innate Abilities, Weirdness & Mutations

You are resistant to damage.
You can recharge devices by infusing magical energy.
You passively map the area around you.
You do not regenerate naturally.
You have very sharp teeth.
Your mind is acute. (Int +2)
Your body sometimes deteriorates upon taking damage.
You are weak. (Str -2)


Message History

The hill giant misses you.
You puncture the hill giant! You freeze the hill giant.
The hill giant is severely wounded.
The hill giant hits you with a giant spiked club!!
* * * LOW HITPOINT WARNING * * *
You are too injured to fight recklessly!
You are too injured to fight recklessly!
Unknown command.
You are too injured to fight recklessly!
Evoke which item? (* to show all) (? for menu, Esc to quit)
Zapping:
e - a wand of heal wounds (3/9)
Press: ? - help, Shift-Dir - straight line, f - you You feel much better.
This wand has 2 charges left.
You hit the hill giant. You freeze the hill giant.
The hill giant is severely wounded.
The hill giant closely misses you.
You hit the hill giant. You freeze the hill giant.
The hill giant is almost dead.
The hill giant hits you with a giant spiked club!!
You die...

≈..######≈...........≈≈≈≈≈≈≈≈≈≈≈≈
#.. ,#≈≈...........≈≈≈≈≈≈≈≈≈≈≈
#....#≈......8......≈≈≈≈≈≈≈≈≈≈ ,
,...#≈...##...##)...≈≈≈≈≈≈≈≈≈ * *
....#≈...##...##.....≈≈≈≈≈≈≈≈
..###≈...............≈≈≈≈≈≈≈≈ #.
.....8..._...8....≈≈≈≈≈≈≈≈ ,
#..≈................≈≈≈≈≈≈≈ ,
#..≈...##.@.##......≈≈≈≈≈≈≈ , *,*
.≈≈..##.C.##......≈≈≈≈≈≈≈ *
.≈≈.....8..........≈≈≈≈≈≈ ,, ,*
#≈.................≈≈≈≈≈≈ *
,#≈..........(....≈≈≈≈≈≈≈≈
#≈≈......≈≈≈≈≈≈≈≈≈≈≈≈≈≈≈≈ , , ,
,#≈≈....≈≈≈≈≈≈≈≈≈≈≈≈≈≈≈≈.. ,
#≈≈≈.≈≈≈≈≈≈≈≈≈≈≈≈≈≈≈≈....
#≈≈≈≈≈≈≈≈≈≈≈≈≈≈≈≈≈≈≈≈...♣


You could see a hill giant.

Vanquished Creatures
  Gastronok (D:8)
  A hill giant (D:11)
  A manticore (D:11)
  A centaur zombie (D:11)
  A gargoyle (D:11)
  A merfolk (D:11)
  A two-headed ogre (D:10)
  A water elemental (D:11)
  4 yaks
  4 wyverns
  A hog (D:11)
  A steam dragon (D:11)
  A mottled dragon (D:9)
  A soldier ant (D:10)
  3 water moccasins
  An ice beast (D:5)
  An orc warrior (D:9)
  8 black bears
  A necrophage (D:8)
  3 phantoms
  3 ogres
  5 centaurs
  A crocodile (D:8)
  2 big kobolds (D:8)
  4 giant frogs
  Blork the orc (D:4)
  A gnoll sergeant (D:11)
  A wyvern skeleton (D:8)
  A water moccasin skeleton (D:4)
  3 scorpions
  A howler monkey (D:11)
  5 electric eels (D:11)
  A giant frog zombie (D:11)
  A crimson imp (D:9)
  6 orc wizards
  2 giant frog skeletons
  2 orc priests
  2 hounds
  3 jellies
  4 centaur skeletons
  A gnoll shaman (D:11)
  4 iguanas
  5 worker ants
  4 sheep (D:11)
  A howler monkey skeleton (D:11)
  5 adders
  A river rat (D:9)
  3 gnolls (D:8)
  2 shadow imps
  An adder skeleton (D:4)
  An adder zombie (D:9)
  3 worms (D:2)
  4 dart slugs (D:2)
  2 giant geckos (D:4)
  9 orcs
  10 bats
  5 giant cockroaches
  7 hobgoblins
  12 jackals
  A quokka (D:8)
  5 giant newts
  10 goblins
  28 kobolds
  2 quokka skeletons (D:9)
  8 rats
  A fungus (D:9)
  A plant (D:8)
222 creatures vanquished.

Vanquished Creatures (others)
  A fungus (D:9)
  9 plants
10 creatures vanquished.

Grand Total: 232 creatures vanquished

Notes
Turn   | Place    | Note
--------------------------------------------------------------
     0 | D:1      | Eldritch the Deep Dwarf Fighter began the quest for the Orb.
     0 | D:1      | Reached XP level 1. HP: 20/20 MP: 1/1
   280 | D:1      | Reached XP level 2. HP: 20/27 MP: 2/2
   730 | D:2      | Reached XP level 3. HP: 21/34 MP: 3/3
   757 | D:2      | Gained mutation: You have very sharp teeth. [potion of beneficial mutation]
   891 | D:2      | Found a snail-covered altar of Cheibriados.
  1076 | D:2      | Found a glowing golden altar of the Shining One.
  1385 | D:3      | Reached XP level 4. HP: 21/42 MP: 4/4
  1411 | D:3      | Found a glowing silver altar of Zin.
  1594 | D:3      | Reached XP level 5. HP: 16/49 MP: 5/5
  1900 | D:3      | Found a sacrificial altar of Ru.
  2068 | D:4      | Reached skill level 1 in Dodging
  2174 | D:4      | Noticed Blork the orc
  2183 | D:4      | Killed Blork the orc
  2183 | D:4      | Reached XP level 6. HP: 44/56 MP: 6/6
  2210 | D:4      | Found Etroxol's Magic Scroll Shoppe.
  2260 | D:4      | Reached skill level 5 in Armour
  2276 | D:4      | Found Syroikeo's Magic Scroll Shop.
  2302 | D:4      | Reached skill level 5 in Shields
  2389 | D:4      | Found Kesothick's Armour Shoppe.
  2502 | D:4      | Reached XP level 7. HP: 27/63 MP: 6/6
  2577 | D:4      | Found Fimpoqu's Distillery.
  2696 | D:5      | Entered Level 5 of the Dungeon
  2738 | D:5      | Found a shimmering altar of Xom.
  2765 | D:5      | Found a burning altar of Makhleb.
  2890 | D:5      | Found a staircase to the Ecumenical Temple.
  2926 | Temple   | Entered the Ecumenical Temple
  3384 | D:5      | Became a worshipper of Makhleb the Destroyer
  3540 | D:5      | You fall through a shaft for 3 floors!
  3572 | D:8      | Reached skill level 5 in Axes
  3579 | D:8      | Reached XP level 8. HP: 31/73 MP: 7/7
  3704 | D:8      | Reached * piety under Makhleb
  3709 | D:8      | Noticed Gastronok
  3740 | D:8      | Reached skill level 1 in Evocations
  3748 | D:8      | Killed Gastronok
  3748 | D:8      | Reached skill level 5 in Fighting
  3748 | D:8      | Reached skill level 5 in Dodging
  3748 | D:8      | Gained mutation: You passively map the area around you. [Deep Dwarf growth]
  3748 | D:8      | Reached XP level 9. HP: 51/82 MP: 4/6
  4089 | D:8      | Reached ** piety under Makhleb
  4597 | D:9      | Reached XP level 10. HP: 63/91 MP: 8/8
  4669 | D:9      | Reached *** piety under Makhleb
  4712 | D:9      | Found a staircase to the Lair.
  4955 | D:10     | Entered Level 10 of the Dungeon
  5001 | D:10     | Noticed a five-headed hydra
  5008 | D:10     | Noticed an alligator
  5008 | D:10     | a five-headed hydra changed into an alligator
  5023 | D:10     | Gained mutation: Your mind is acute. (Int +2) [potion of mutation]
  5023 | D:10     | Gained mutation: You are weak. (Str -2) [potion of mutation]
  5023 | D:10     | Gained mutation: Your body sometimes deteriorates upon taking damage. [potion of mutation]
  5023 | D:10     | HP: 4/92 [alligator (21)]
  5152 | D:10     | Noticed an ice dragon
  5152 | D:10     | an alligator changed into an ice dragon
  5454 | D:11     | Reached **** piety under Makhleb
  5591 | D:11     | Reached skill level 5 in Evocations
  5594 | D:11     | Noticed a hill giant
  5608 | D:11     | Killed a hill giant
  5608 | D:11     | Reached XP level 11. HP: 75/100 MP: 2/2
  6158 | D:11     | HP: 5/100 [electric eel/bolt of electricity (16)]
  6165 | D:11     | Found a radiant altar of Vehumet.
  6180 | D:11     | Noticed a hill giant
  6190 | D:11     | HP: 5/100 [hill giant/giant spiked club (31)]
  6193 | D:11     | Slain by a hill giant

Skill      XL: |  1  2  3  4  5  6  7  8  9 10 |
---------------+-------------------------------+-----
Fighting       | 3 4 5 6 7 |  7.2
Armour         | 4 5 6 7 8 |  8.5
Axes           | 3 4 5 7 8 9 |  9.5
Shields        | 4 5 7 8 9 |  9.7
Dodging        | 1 2 4 5 7 |  7.8
Evocations     | 3 4 5 |  5.4
Maces & Flails | |  0.4
Stealth        | |  0.3

Action                   |  1- 3 |  4- 6 |  7- 9 | 10-12 || total
-------------------------+-------+-------+-------+-------++-------
Melee: War axe           |   103 |   177 |   310 |   377 ||   967
       Bite              |     2 |    19 |    49 |    63 ||   133
       Morningstar       |       |       |       |    24 ||    24
 Abil: Device Recharging |       |     1 |     4 |    10 ||    15
Evoke: Wand              |       |     4 |    17 |    46 ||    67
  Use: Potion            |     1 |       |     1 |     8 ||    10
       Scroll            |     1 |       |     6 |     7 ||    14
  Eat: Fruit             |     2 |       |     2 |     4 ||     8
       Meat ration       |       |     1 |     1 |     1 ||     3
       Pizza             |       |       |       |     1 ||     1
Armor: Scale mail        |    53 |    65 |    99 |   172 ||   389
       Skin              |       |       |       |     5 ||     5
Dodge: Dodged            |    35 |    58 |   127 |   235 ||   455
Block: Shield            |    55 |   101 |   217 |   309 ||   682
